 Dungeon Crawl Stone Soup version 0.19.5 (webtiles) character file.

63 HAWKINGL3623 the Sneak (level 4, -4/34 HPs)
             Began as a Formicid Assassin on Apr 5, 2017.
             Slain by Natasha (6 damage)
             ... on level 1 of the Dungeon on Apr 6, 2017.
             The game lasted 00:05:44 (2009 turns).

HAWKINGL3623 the Sneak (Formicid Assassin)          Turns: 2009, Time: 00:05:45

Health: -4/34      AC:  4    Str: 16    XL:     4   Next: 31%
Magic:  4/4        EV: 12    Int: 10    God:
Gold:   49         SH:  0    Dex: 13    Spells: 0 memorised, 3 levels left

rFire  . . .     SeeInvis +     a - +2 dagger
rCold  . . .     Gourm    .     c - +0 robe
rNeg   . . .     Faith    .     (no shield)
rPois  .         Spirit   .     (helmet unavailable)
rElec  .         Reflect  .     d - +0 cloak
rCorr  .         Harm     .     (no gloves)
MR     .....                    h - +0 pair of boots
Stlth  +++.......               (no amulet)
                                (no ring)
                                (no ring)

@: no status effects
A: permanent stasis, dig shafts and tunnels, four strong arms, antennae 3
a: Dig, Shaft Self


You were on level 1 of the Dungeon.
You were not hungry.

You visited 1 branch of the dungeon, and saw 2 of its levels.

You collected 49 gold pieces.

Inventory:

Hand Weapons
 a - a +2 dagger (weapon)
 b - a +0 blowgun
Missiles
 e - 8 poisoned needles
 f - 2 curare-tipped needles
 j - 15 stones (quivered)
Armour
 c - a +0 robe (worn)
 d - a +0 cloak (worn)
 h - a +0 pair of boots (worn)
Potions
 k - a potion of curing
 l - 2 potions of flight
Comestibles
 g - a bread ration
 i - 2 meat rations


   Skills:
 + Level 2.5 Fighting
 + Level 2.4 Short Blades
 + Level 2.2 Throwing
 + Level 1.1 Dodging
 + Level 6.1 Stealth


You had 3 spell levels left.
You didn't know any spells.

Dungeon Overview and Level Annotations

Branches:
Dungeon (2/15)

Altars:

Annotations:
D:1 Natasha


Innate Abilities, Weirdness & Mutations

You are under a permanent stasis effect.
You can dig through walls and to a lower floor.
Your four strong arms can wield two-handed weapons with a shield.
You have a pair of large antennae on your head. (SInv)


Message History

The adder is moderately wounded.
The adder barely misses you. Natasha claws you.
* * * LOW HITPOINT WARNING * * *
The quokka bites you but does no damage.
You closely miss the adder.
The adder is moderately wounded.
The adder bites you.
* * * LOW HITPOINT WARNING * * *
The quokka bites you.
* * * LOW HITPOINT WARNING * * *
Natasha claws you but does no damage.
You hit the adder but do no damage.
The adder is moderately wounded.
The adder misses you. The quokka closely misses you.
Natasha closely misses you.
You completely miss the adder.
The adder is moderately wounded.
The adder completely misses you. The quokka barely misses you.
Natasha claws you.
You die...

#....###...#.#.........
#.#####......'⌠....###.
#.####.......#...[..<..
#............#..⌠...>..
######.......###'######
#.................
#†#.......#..##.##
#S####.#......##..
#@####..#.#####...
#rh....#.## ##....
########## #.....
#.#... #.#... #.....
#..... #)#... #.##..


You could see Natasha, an adder and a quokka.

Vanquished Creatures
  2 adders (D:2)
  An ooze (D:1)
  A leopard gecko (D:1)
  2 ball pythons (D:1)
  5 giant cockroaches (D:1)
  3 goblins
  5 hobgoblins (D:1)
  7 jackals
  2 bats (D:1)
  3 frilled lizards (D:1)
  2 kobolds
  5 rats
38 creatures vanquished.

Notes
Turn   | Place    | Note
-------+----------+-------------------------------------------
     0 | D:1      | HAWKINGL3623 the Formicid Assassin began the quest for the Orb.
     0 | D:1      | Reached XP level 1. HP: 16/16 MP: 1/1
     1 | D:1      | Found a runed door.
    18 | D:1      | Reached skill level 1 in Dodging
    20 | D:1      | Reached skill level 5 in Stealth
    41 | D:1      | Reached XP level 2. HP: 13/22 MP: 2/2
   391 | D:1      | Reached XP level 3. HP: 19/27 MP: 3/3
  1495 | D:2      | Reached skill level 6 in Stealth
  1495 | D:2      | Reached XP level 4. HP: 34/34 MP: 4/4
  1818 | D:2      | Noticed Natasha
  2009 | D:1      | Slain by Natasha

Skill      XL: |  1  2  3 |
---------------+----------+-----
Dodging        | 1 |  1.1
Stealth        | 5 6 |  6.1
Fighting       | |  2.5
Short Blades   | |  2.4
Throwing       | |  2.2

Action                   |  1- 3 |  4- 6 || total
-------------------------+-------+-------++-------
Melee: Dagger            |   126 |    33 ||   159
 Fire: Blowgun           |       |     1 ||     1
Throw: Stone             |     3 |       ||     3
  Use: Scroll            |     3 |       ||     3
       Potion            |     3 |       ||     3
 Stab: Sleeping          |     9 |       ||     9
  Eat: Bread ration      |     1 |       ||     1
Armor: Robe              |    44 |    11 ||    55
Dodge: Dodged            |    86 |    34 ||   120
